 Dungeon Crawl Stone Soup version 0.30-a0-1160-g6e42c06551 (webtiles) character file.

Game seed: 7646966903735761954

7138 NinjaNoafa the Grappler (level 10, 0/92 HPs)
             Began as a Troll Fighter on Apr 26, 2023.
             Was a Believer of Wu Jian.
             Slain by a yak (10 damage)
             ... on level 9 of the Dungeon.
             The game lasted 00:16:14 (6683 turns).

NinjaNoafa the Grappler (Troll Fighter)             Turns: 6683, Time: 00:16:14

Health: 0/92       AC:  5    Str: 26    XL:     10   Next: 85%
Magic:  9/9        EV: 10    Int:  4    God:    Wu Jian [**....]
Gold:   443        SH:  0    Dex: 13    Spells: 9/9 levels left

rFire   + .          .
                       - Unarmed
rCold   . . .        b - +0 kite shield
rNeg    . . .        a - +0 robe
rPois   .            (helmet restricted)
rElec   .            g - +0 cloak
rCorr   .            (gloves unavailable)
SInv    +            (boots unavailable)
Will    .....        H - amulet of regeneration
Stlth   +            j - ring of see invisible
HPRegen 1.95/turn    p - ring of protection from fire
MPRegen 0.11/turn

%: no passive effects
@: confused, ambrosia-drunk, mesmerised, hasted, very quick
A: large, unfitting armour, claws 3, regeneration 1, shaggy fur 1, tough skin 1
a: Renounce Religion, Wall Jump


You were on level 9 of the Dungeon.
You worshipped Wu Jian.
Wu Jian was pleased with you.
You visited 2 branches of the dungeon, and saw 10 of its levels.

You collected 443 gold pieces.

Inventory:

Missiles
 i - 4 boomerangs of dispersal
 o - 5 atropa-tipped darts
 t - 5 poisoned darts
 x - 3 throwing nets
 A - 3 boomerangs
Armour
 a - a +0 robe (worn)
 b - a +0 kite shield (worn)
 g - a +0 cloak (worn)
Jewellery
 j - a ring of see invisible (left claw)
 p - a ring of protection from fire (right claw)
 H - an amulet of regeneration (around neck)
Wands
 C - a wand of acid (11)
 D - a wand of charming (4)
 F - a wand of mindburst (13)
Scrolls
 d - 7 scrolls of fear
 e - 2 scrolls of enchant armour {unknown}
 f - a scroll of amnesia
 h - 2 scrolls of noise {unknown}
 n - 5 scrolls of fog
 q - 5 scrolls of blinking
 r - 2 scrolls of summoning {unknown}
 s - 2 scrolls of vulnerability {unknown}
 u - a scroll of magic mapping {unknown}
 v - a scroll of teleportation {unknown}
 y - 2 scrolls of enchant weapon {unknown}
 E - 2 scrolls of silence
 G - a scroll of poison {unknown}
Potions
 k - 2 potions of brilliance
 w - a potion of magic
 z - a potion of resistance {unknown}


   Skills:
 - Level 4.0 Fighting
 - Level 4.0 Dodging
 - Level 8.0 Shields
 + Level 13.7 Unarmed Combat


You had 9 spell levels left.
You didn't know any spells.
Your spell library contained the following spells:

 Spells                   Type           Power      Damage    Failure   Level
 Magic Dart               Conj           0%         1d3       71%         1
 Sandblast                Erth           0%         2d4       71%         1
 Call Imp                 Summ           0%         N/A       83%         2
 Ensorcelled Hibernation  Hex/Ice        0%         N/A       83%         2
 Passwall                 Tmut/Erth      0%         N/A       83%         2
 Call Canine Familiar     Summ           0%         N/A       97%         3
 Mephitic Cloud           Conj/Pois/Air  0%         N/A       97%         3
 Portal Projectile        Hex/Tloc       0%         N/A       97%         3
 Stone Arrow              Conj/Erth      0%         3d7       97%         3
 Swiftness                Air            0%         N/A       97%         3
 Leda's Liquefaction      Hex/Erth       0%         N/A       100%        4


Dungeon Overview and Level Annotations

Branches:
Dungeon (9/15)             Temple (1/1) D:6            Lair (0/5) D:9
    Orc: D:9-12

Altars:
Ashenzari
Cheibriados
Dithmenos
Elyvilon
Fedhas
Gozag
Hepliaklqana
Kikubaaqudgha
Makhleb
Nemelex Xobeh
Okawaru
Qazlal
Ru
Sif Muna
Trog
Uskayaw
Vehumet
Wu Jian
Xom
Yredelemnul
Zin
The Shining One

Shops:
D:7 *

Annotations:
D:9 Maggie


Innate Abilities, Weirdness & Mutations

You are too large for most types of armour.
You have claws for hands.
Your natural rate of healing is unusually fast.
You are covered in fur. (AC +1)
You have tough skin. (AC +1)


Message History

The kobold hits you but does no damage.
Unknown command.
You mangle the kobold brigand!!
You kill the kobold brigand!
The Council accepts your kill.
Your hearing returns.
Maggie casts a spell.
Maggie attempts to bespell you!
You are mesmerised by Maggie!
The kobold closely misses you. The yak gores you but does no damage.
The yak gores you.
* * * LOW HITPOINT WARNING * * *
Unknown command.
Unknown command.
You mangle the yak!!
The yak is almost dead.
The kobold barely misses you. The yak gores you!
* * * LOW HITPOINT WARNING * * *
The yak snorts and paws the ground.
The yak gores you.
* * * LOW HITPOINT WARNING * * *
Unknown command.
Okay, then.
Unknown command.
The kobold barely misses you.
Maggie mumbles some strange words.
Maggie draws you further into her thrall.
The yak gores you!
* * * LOW HITPOINT WARNING * * *
The yak misses you.
Things that are here:
a +0 short sword; 6 poisoned darts Unknown command.
Unknown command.
Okay, then.
You are too confused!
You are too confused!
You feel yourself speed up. The kobold hits you but does no damage.
The yak gores you!
You die...

#...♣...... ##)#......#
####.#†....#
#...)†.....# #####
#.#.)K..##...
#...###.#K†##.#####
####.#..)..Kz#@......#
#.......)#.#YY##.###.#
#..#.##..#.K@....###.###
#..#.##..###K#####.....#
#..#..#..#..... #.###.#
#..##.#†.#.....# #.# #.#
#......).#.....# #.###.#
#....)...#.....# #.....#
##.##)##†#.....# ####.##
#....##.####### #o#
###..####.# #.#


You could see Maggie (mesmerising), 2 yaks, a wight and 4 kobolds.

Vanquished Creatures
  A two-headed ogre (D:9)
  Pikel (D:9)
  Joseph (D:7)
  Psyche (D:9)
  A hornet (D:8)
  A shadow (D:9)
  3 wyverns
  4 yaks (D:9)
  Menkaure (D:7)
  6 water moccasins
  An orc warrior (D:7)
  3 ice beasts
  2 ogres
  2 centaurs
  2 lemures (D:9)
  4 bullfrogs
  A kobold brigand (D:9)
  A gnoll sergeant (D:5)
  7 scorpions
  18 wights
  4 killer bees (D:9)
  3 hounds
  3 orc priests
  2 sleepcaps
  3 iguanas
  7 orc wizards
  19 gnolls
  5 adders
  2 white imps
  2 ufetubi
  A worm (D:3)
  A dart slug (D:2)
  25 orcs
  2 bats (D:1)
  7 endoplasms
  A giant cockroach (D:2)
  5 goblins
  5 hobgoblins
  3 jackals (D:1)
  4 quokkas (D:1)
  3 ball pythons (D:3)
  5 frilled lizards (D:1)
  8 kobolds
  9 rats
190 creatures vanquished.

Vanquished Creatures (others)
  4 bushes (D:9)
  4 fungi (D:9)
  20 plants (D:9)
28 creatures vanquished.

Grand Total: 218 creatures vanquished

Notes
Turn   | Place    | Note
-------+----------+-------------------------------------------
     0 | D:1      | NinjaNoafa the Troll Fighter began the quest for the Orb.
     0 | D:1      | Reached XP level 1. HP: 22/22 MP: 0/0
    56 | D:1      | Reached XP level 2. HP: 29/29 MP: 1/1
   465 | D:1      | Reached XP level 3. HP: 35/36 MP: 2/2
  1151 | D:2      | Found an opulent altar of Gozag.
  1303 | D:3      | Reached XP level 4. HP: 29/44 MP: 3/3
  1444 | D:3      | Reached skill level 3 in Unarmed Combat
  1714 | D:3      | Reached XP level 5. HP: 49/53 MP: 4/4
  2505 | D:4      | Reached XP level 6. HP: 46/61 MP: 5/5
  2791 | D:5      | Entered Level 5 of the Dungeon
  2882 | D:5      | Reached skill level 4 in Unarmed Combat
  2886 | D:5      | Reached XP level 7. HP: 54/68 MP: 6/6
  3024 | D:5      | Reached skill level 5 in Shields
  3024 | D:5      | Reached skill level 5 in Unarmed Combat
  3131 | D:5      | Found a glowing silver altar of Zin.
  3131 | D:5      | Found an ancient bone altar of Kikubaaqudgha.
  3131 | D:5      | Found a hazy altar of Hepliaklqana.
  3131 | D:5      | Found a sacrificial altar of Ru.
  3158 | D:5      | Found a broken altar of Ashenzari.
  3163 | D:5      | Found a white marble altar of Elyvilon.
  3455 | D:6      | Reached XP level 8. HP: 78/78 MP: 7/7
  3603 | D:6      | Reached skill level 6 in Unarmed Combat
  3654 | D:6      | Found a staircase to the Ecumenical Temple.
  3660 | Temple   | Entered the Ecumenical Temple
  3879 | Temple   | Became a worshipper of the Wu Jian Council
  4234 | D:6      | Reached skill level 7 in Unarmed Combat
  4255 | D:6      | HP: 2/76 [wight/+3 trident (8)]
  4614 | D:7      | Found Vojugag's Island Escapes.
  4704 | D:7      | Noticed Menkaure
  4706 | D:7      | Killed Menkaure
  4707 | D:7      | Reached XP level 9. HP: 45/84 MP: 8/8
  5085 | D:7      | Reached * piety under Wu Jian
  5114 | D:7      | Reached skill level 8 in Unarmed Combat
  5182 | D:7      | Noticed Joseph
  5194 | D:7      | Killed Joseph
  5364 | D:7      | Reached skill level 9 in Unarmed Combat
  5787 | D:8      | Paralysed by a hornet for 2 turns
  5790 | D:8      | Reached skill level 10 in Unarmed Combat
  6353 | D:9      | Noticed Pikel
  6362 | D:9      | Killed Pikel
  6363 | D:9      | Reached skill level 11 in Unarmed Combat
  6363 | D:9      | Reached XP level 10. HP: 50/92 MP: 9/9
  6483 | D:9      | Noticed Psyche
  6485 | D:9      | Noticed a two-headed ogre
  6489 | D:9      | Killed Psyche
  6501 | D:9      | Killed a two-headed ogre
  6502 | D:9      | Reached skill level 12 in Unarmed Combat
  6589 | D:9      | Reached ** piety under Wu Jian
  6639 | D:9      | Found a staircase to the Lair.
  6639 | D:9      | Identified the +8 mace "Korul" {heavy, Str+4 Int-4 Stlth+}
  6658 | D:9      | Reached skill level 13 in Unarmed Combat
  6664 | D:9      | Noticed Maggie
  6683 | D:9      | Slain by a yak

Illustrated notes

Levels and vault maps discovered:
D:1:      lemuel_arrival_tunnels, layout_basic
D:2:      layout_basic, basic_altar
D:3:      layout_loops_corners, chequers_garden
D:4:      layout_cave_pools
D:5:      layout_rooms, minmay_overflow_temple_hex
D:6:      layout_gridville, minmay_temple_entry_fiery
D:7:      layout_loops_corners, nicolae_island_escapes, uniq_menkaure,
          uniq_joseph
D:8:      layout_basic
D:9:      layout_loops_cross, minmay_lair_entry_grove, enter_bailey_2,
          uniq_pikel, uniq_maggie, uniq_psyche
Temple:   eino_temple_rhombus

Skill      XL: |  1  2  3  4  5  6  7  8  9 10 |
---------------+-------------------------------+-----
Shields        | 3 4 5 7 8 |  8.0
Dodging        | 3 4 |  4.0
Fighting       | 3 4 |  4.0
Unarmed Combat | 3 4 5 7 11 13 | 13.7

Action                     |  1- 3 |  4- 6 |  7- 9 | 10-12 || total
---------------------------+-------+-------+-------+-------++-------
  Melee: Unarmed           |    88 |   122 |   287 |   128 ||   625
Ability: Lunge             |       |       |    28 |     6 ||    34
         Whirlwind         |       |       |    14 |    50 ||    64
         Wall Jump         |       |       |       |     1 ||     1
  Evoke: Wand              |       |       |     2 |       ||     2
    Use: Potion            |       |       |     3 |     4 ||     7
         Scroll            |       |       |     9 |     2 ||    11
   Stab: Sleeping          |     3 |       |     1 |       ||     4
 Armour: Robe              |    34 |    33 |    52 |     8 ||   127
  Dodge: Dodged            |    20 |    52 |    96 |    55 ||   223
  Block: Kite shield       |    37 |    64 |   137 |    51 ||   289

Table legend: (Time is in decaauts)
 A = Elapsed time spent in this place.
 B = Non-inter-level travel time spent in this place.
 C = Inter-level travel time spent in this place.
 D = Time resting spent in this place.
 E = Time spent auto-exploring this place.
 F = Levels seen in this place.
 G = Mean time per level.
                   A        B        C        D        E       F      G
               +--------+--------+--------+--------+--------+-----+--------+
         Total |   6672 |   6172 |    500 |    200 |   4250 |  10 |  667.2 |
       Dungeon |   6436 |   5984 |    452 |    200 |   4076 |   9 |  715.1 |
        Temple |    235 |    187 |     48 |      0 |    174 |   1 |  235.0 |
               +--------+--------+--------+--------+--------+-----+--------+

Top non-repeatable levels by time:
     D:7: 1038 daAuts
     D:3: 970 daAuts
     D:5: 764 daAuts
     D:6: 757 daAuts
     D:8: 745 daAuts
     D:1: 704 daAuts
     D:4: 596 daAuts
     D:2: 532 daAuts
     D:9: 326 daAuts
  Temple: 235 daAuts
